NCAA
GEORGIA BULLDOGS @ TEXAS TECH RED RAIDERS
05/11/2023
 
TOP OF THE 1ST
Georgia Bulldogs batting - Pitching for Texas Tech Red Raiders : RHP Hugh Polk
Pitching: RHP Hugh Polk
Batting: RHB Jeremiah Soto 0-0: Called Strike
0-1: Fly out, F6 (Line Drive, 6)
Batting: SHB Lawrence Farley 0-0: Called Strike
0-1: Ball
1-1: Swinging Strike
1-2: Ball
2-2: Foul Ball, location: 2F
2-2: Ground out 4-3 (Groundball, 4)
Batting: LHB Mike White 0-0: Ball
1-0: Called Strike
1-1: Foul Ball, location: 2F
1-2: Ball
2-2: Ball
3-2: Base on Balls
Batting: RHB Francisco Rodríguez 0-0: Called Strike
0-1: Ball
1-1: Called Strike
1-2: Ball
2-2: Fly out, F9 (Line Drive, 9M)
Top of the 1st over - 0 run(s), 0 hit(s), 0 error(s), 1 left on base; Georgia 0 - Texas Tech 0
BOTTOM OF THE 1ST
Texas Tech Red Raiders batting - Pitching for Georgia Bulldogs : RHP Rafael Castillo
Pitching: RHP Rafael Castillo
Batting: LHB Cristóbal Gómez 0-0: Called Strike
0-1: Ball
1-1: Fly out, F9 (Flyball, 89M)
Batting: LHB Albert Cardona 0-0: Called Strike
0-1: Fly out, F7 (Flyball, 7M)
Batting: RHB Luis Martínez Reached via error on a dropped throw, E3
Batting: RHB Walton Smith 0-0: Called Strike
0-1: Swinging Strike
0-2: Ball
1-2: Ball
2-2: Strikes out swinging
Bottom of the 1st over - 0 run(s), 0 hit(s), 1 error(s), 1 left on base; Georgia 0 - Texas Tech 0
TOP OF THE 2ND
Georgia Bulldogs batting - Pitching for Texas Tech Red Raiders : RHP Hugh Polk
Batting: RHB Jesús Ortíz 0-0: Ball
1-0: Ball
2-0: Ball
3-0: Foul Ball, location: 2F
3-1: Swinging Strike
3-2: Base on Balls
Batting: RHB Félix Castro 0-0: Called Strike
0-1: Swinging Strike
0-2: Hit by Pitch
Jesús Ortíz to second
Batting: RHB John Dyer 0-0: Grounds into double play, 6-4-3 (Groundball, 6M)
Jesús Ortíz to third
Batting: LHB Dave Lee 0-0: Ball
1-0: Ground out 4-3 (Groundball, 4)
Top of the 2nd over - 0 run(s), 0 hit(s), 0 error(s), 1 left on base; Georgia 0 - Texas Tech 0
BOTTOM OF THE 2ND
Texas Tech Red Raiders batting - Pitching for Georgia Bulldogs : RHP Rafael Castillo
Batting: LHB Micheal Morgan 0-0: Ball
1-0: Swinging Strike
1-1: Called Strike
1-2: Fly out, F7 (Flyball, 7S)
Batting: RHB Doug Williams 0-0: Ball
1-0: Ball
2-0: Called Strike
2-1: Fly out, F8 (Line Drive, 8RM)
Batting: RHB Oliver Todd 0-0: Ball
1-0: SOLO HOME RUN (Flyball, 7D), Distance : 353 ft
Batting: RHB Steven Hill 0-0: Ball
1-0: Swinging Strike
1-1: Called Strike
1-2: Strikes out looking
Bottom of the 2nd over - 1 run(s), 1 hit(s), 0 error(s), 0 left on base; Georgia 0 - Texas Tech 1
TOP OF THE 3RD
Georgia Bulldogs batting - Pitching for Texas Tech Red Raiders : RHP Hugh Polk
Batting: RHB Jorge Pérez 0-0: SINGLE (Line Drive, 8LS)
Batting: RHB Jeremiah Soto 0-0: Swinging Strike
0-1: Ball
1-1: Foul Ball, location: 2F
1-2: Ball
2-2: Grounds into double play, 6-4-3 (Groundball, 6)
Batting: SHB Lawrence Farley 0-0: Ball
1-0: Ball
2-0: Called Strike
2-1: Swinging Strike
2-2: SINGLE (Line Drive, 9LS)
Batting: LHB Mike White 0-0: Ball
1-0: Ball
2-0: Ball
3-0: Called Strike
3-1: Base on Balls
Lawrence Farley to second
Batting: RHB Francisco Rodríguez 0-0: Swinging Strike
0-1: Swinging Strike
0-2: Strikes out looking
Top of the 3rd over - 0 run(s), 2 hit(s), 0 error(s), 2 left on base; Georgia 0 - Texas Tech 1
BOTTOM OF THE 3RD
Texas Tech Red Raiders batting - Pitching for Georgia Bulldogs : RHP Rafael Castillo
Batting: RHB Bruce Jones 0-0: Foul Ball, location: 2F
0-1: Fly out, F9 (Flyball, 9M)
Batting: LHB Cristóbal Gómez 0-0: Ball
1-0: Foul Ball, location: 2F
1-1: Fly out, F8 (Line Drive, 8RXD)
Batting: LHB Albert Cardona 0-0: Ball
1-0: Foul Ball, location: 2F
1-1: Ball
2-1: Foul Ball, location: 2F
2-2: Fly out, F3 (Popup, 23F)
Bottom of the 3rd over - 0 run(s), 0 hit(s), 0 error(s), 0 left on base; Georgia 0 - Texas Tech 1
TOP OF THE 4TH
Georgia Bulldogs batting - Pitching for Texas Tech Red Raiders : RHP Hugh Polk
Batting: RHB Jesús Ortíz 0-0: Foul Ball, location: 2F
0-1: Swinging Strike
0-2: Ball
1-2: Ball
2-2: Foul Ball, location: 2F
2-2: Foul Ball, location: 2F
2-2: Strikes out swinging
Batting: RHB Félix Castro 0-0: Swinging Strike
0-1: Ground out 6-3 (Groundball, 6M)
Batting: RHB John Dyer 0-0: Called Strike
0-1: Foul Ball, location: 2F
0-2: Ball
1-2: Ball
2-2: Strikes out swinging
Top of the 4th over - 0 run(s), 0 hit(s), 0 error(s), 0 left on base; Georgia 0 - Texas Tech 1
BOTTOM OF THE 4TH
Texas Tech Red Raiders batting - Pitching for Georgia Bulldogs : RHP Rafael Castillo
Batting: RHB Luis Martínez 0-0: Called Strike
0-1: Ball
1-1: Ball
2-1: SINGLE (Line Drive, 6MD)
Batting: RHB Walton Smith 0-0: Swinging Strike
0-1: SINGLE (Line Drive, 8LS)
Luis Martínez to second
Runner from 2nd tries for 3rd, SAFE, throw made to third
Batting: LHB Micheal Morgan 0-0: Called Strike
0-1: Swinging Strike
0-2: Strikes out swinging
Batting: RHB Doug Williams 0-0: Called Strike
0-1: Fly out, F9 (Flyball, 9M)
Runner from 3rd tags up, SCORES, no throw
Batting: RHB Oliver Todd 0-0: Called Strike
0-1: Ball
1-1: Called Strike
1-2: Fly out, F6 (Popup, 5L)
Bottom of the 4th over - 1 run(s), 2 hit(s), 0 error(s), 1 left on base; Georgia 0 - Texas Tech 2
TOP OF THE 5TH
Georgia Bulldogs batting - Pitching for Texas Tech Red Raiders : RHP Hugh Polk
Batting: LHB Dave Lee 0-0: Ball
1-0: Ball
2-0: Called Strike
2-1: Ball
3-1: Foul Ball, location: 2F
3-2: Foul Ball, location: 2F
3-2: Foul Ball, location: 2F
3-2: Base on Balls
Batting: RHB Jorge Pérez 0-0: Ball
1-0: Ball
2-0: Ball
3-0: Foul Ball, location: 2F
3-1: Foul Ball, location: 2F
3-2: Strikes out swinging
Batting: RHB Jeremiah Soto 0-0: Called Strike
0-1: Swinging Strike
0-2: Ball
1-2: Ball
2-2: Strikes out looking
Pitching: RHP Joe Allen
Batting: SHB Lawrence Farley 0-0: Ground out 4-3 (Groundball, 4)
Top of the 5th over - 0 run(s), 0 hit(s), 0 error(s), 1 left on base; Georgia 0 - Texas Tech 2
BOTTOM OF THE 5TH
Texas Tech Red Raiders batting - Pitching for Georgia Bulldogs : RHP Rafael Castillo
Batting: RHB Steven Hill 0-0: Called Strike
0-1: Ground out 5-3 (Groundball, 5L)
Batting: RHB Bruce Jones 0-0: Ball
1-0: Ball
2-0: Called Strike
2-1: Swinging Strike
2-2: SOLO HOME RUN (Flyball, 78XD), Distance : 383 ft
Batting: LHB Cristóbal Gómez 0-0: Ground out 4-3 (Groundball, 4M)
Batting: LHB Albert Cardona 0-0: Ball
1-0: Swinging Strike
1-1: Ball
2-1: Foul Ball, location: 2F
2-2: Strikes out swinging
Bottom of the 5th over - 1 run(s), 1 hit(s), 0 error(s), 0 left on base; Georgia 0 - Texas Tech 3
TOP OF THE 6TH
Georgia Bulldogs batting - Pitching for Texas Tech Red Raiders : RHP Joe Allen
Batting: LHB Mike White 0-0: Ball
1-0: Ball
2-0: Called Strike
2-1: Foul Ball, location: 2F
2-2: Foul Ball, location: 2F
2-2: SOLO HOME RUN (Flyball, 89XD), Distance : 380 ft
Batting: RHB Francisco Rodríguez 0-0: Ball
1-0: Foul Ball, location: 2F
1-1: Ball
2-1: Ball
3-1: Base on Balls
Batting: RHB Jesús Ortíz 0-0: Ball
1-0: DOUBLE (Flyball, 89M)
Francisco Rodríguez to third
Batting: RHB Félix Castro 0-0: Ball
1-0: Ball
2-0: Called Strike
2-1: Ground out U3 (Groundball, 3L)
Batting: RHB John Dyer 0-0: Fly out, F8 (Flyball, 8LM)
Runner from 3rd tags up, SCORES, no throw
Batting: LHB Dave Lee 0-0: Ball
Wild Pitch!
Jesús Ortíz to third
1-0: Foul Ball, location: 2F
1-1: 2-RUN HOME RUN (Flyball, 9D), Distance : 348 ft
Pitching: RHP Paul Fisher
Batting: RHB Jorge Pérez 0-0: Called Strike
0-1: Ball
1-1: Swinging Strike
1-2: SINGLE (Line Drive, 89S)
Batting: RHB Jeremiah Soto 0-0: Ball
1-0: Ball
2-0: Foul Ball, location: 2F
2-1: DOUBLE (Line Drive, 7LM)
Jorge Pérez to third
Runner from 3rd tries for Home, SAFE, no throw or cutoff
Batting: SHB Lawrence Farley 0-0: Foul Ball, location: 2F
0-1: Foul Ball, location: 2F
0-2: 2-RUN HOME RUN (Line Drive, 8LXD), Distance : 386 ft
Pitching: LHP Fernando Salazar
Batting: LHB Mike White 0-0: Ball
1-0: Swinging Strike
1-1: Ball
2-1: Fly out, F8 (Flyball, 8RM)
Top of the 6th over - 7 run(s), 6 hit(s), 0 error(s), 0 left on base; Georgia 7 - Texas Tech 3
BOTTOM OF THE 6TH
Texas Tech Red Raiders batting - Pitching for Georgia Bulldogs : RHP Rafael Castillo
Batting: RHB Luis Martínez 0-0: Ball
1-0: Ball
2-0: Called Strike
2-1: Fly out, F6 (Line Drive, 6)
Batting: RHB Walton Smith 0-0: SINGLE (Line Drive, 8LS)
Batting: LHB Micheal Morgan 0-0: Grounds into double play, 1-6-3 (Groundball, 13)
Bottom of the 6th over - 0 run(s), 1 hit(s), 0 error(s), 0 left on base; Georgia 7 - Texas Tech 3
TOP OF THE 7TH
Georgia Bulldogs batting - Pitching for Texas Tech Red Raiders : LHP Fernando Salazar
Batting: RHB Francisco Rodríguez 0-0: Called Strike
0-1: Foul Ball, location: 2F
0-2: Strikes out swinging
Batting: RHB Jesús Ortíz 0-0: SINGLE (Flyball, 9LM)
Batting: RHB Félix Castro 0-0: Called Strike
0-1: Called Strike
0-2: Ball
1-2: Foul Ball, location: 2F
1-2: Ball
2-2: Fly out, F9 (Flyball, 9M)
Batting: RHB John Dyer 0-0: Ball
1-0: Ball
2-0: Called Strike
2-1: Foul Ball, location: 2F
2-2: Hit by Pitch
Jesús Ortíz to second
Batting: LHB Dave Lee 0-0: Ground out 4-3 (Groundball, 34)
Top of the 7th over - 0 run(s), 1 hit(s), 0 error(s), 2 left on base; Georgia 7 - Texas Tech 3
BOTTOM OF THE 7TH
Texas Tech Red Raiders batting - Pitching for Georgia Bulldogs : RHP Rafael Castillo
Batting: RHB Doug Williams 0-0: Called Strike
0-1: Foul Ball, location: 2F
0-2: Foul Ball, location: 2F
0-2: Reached on error, E4 (Groundball, 4)
Batting: RHB Oliver Todd 0-0: Called Strike
Doug Williams steals 2nd base
0-1: Ball
1-1: Fly out, F9 (Flyball, 23F)
Batting: RHB Steven Hill 0-0: Ball
1-0: Called Strike
1-1: Called Strike
1-2: Fly out, F9 (Flyball, 89M)
Pitching: RHP Don Kennedy
Batting: RHB Bruce Jones 0-0: Ball
1-0: Ground out 4-3 (Groundball, 4)
Bottom of the 7th over - 0 run(s), 0 hit(s), 1 error(s), 1 left on base; Georgia 7 - Texas Tech 3
TOP OF THE 8TH
Georgia Bulldogs batting - Pitching for Texas Tech Red Raiders : LHP Fernando Salazar
Batting: RHB Jorge Pérez 0-0: Called Strike
0-1: Ball
1-1: Foul Ball, location: 2F
1-2: Reached on error, E5 (Groundball, 5)
Batting: RHB Jeremiah Soto 0-0: Bunted foul
0-1: Sac Bunt - play at second, runner OUT! 5-6
Batting: SHB Lawrence Farley 0-0: Called Strike
0-1: Swinging Strike
0-2: Foul Ball, location: 2F
0-2: Ball
1-2: Fielders Choice at 2nd, 1-6 (Groundball, 13)
Batting: LHB Mike White 0-0: Ball
1-0: Ball
2-0: Ball
3-0: Called Strike
3-1: Base on Balls
Lawrence Farley to second
Batting: RHB Francisco Rodríguez 0-0: Called Strike
0-1: Fly out, F4 (Popup, 9S)
Top of the 8th over - 0 run(s), 0 hit(s), 1 error(s), 2 left on base; Georgia 7 - Texas Tech 3
BOTTOM OF THE 8TH
Texas Tech Red Raiders batting - Pitching for Georgia Bulldogs : RHP Don Kennedy
Batting: LHB Cristóbal Gómez 0-0: Ball
1-0: Ball
2-0: Ball
3-0: Called Strike
3-1: Fly out, F8 (Flyball, 8LM)
Batting: LHB Albert Cardona 0-0: SINGLE (Flyball, 8RS)
Batting: RHB Luis Martínez 0-0: Ball
1-0: Ball
2-0: Called Strike
2-1: Ball
3-1: Swinging Strike
3-2: Fly out, F7 (Flyball, 7M)
Batting: RHB Walton Smith 0-0: Ball
1-0: Called Strike
1-1: Ball
2-1: Swinging Strike
2-2: Ball
3-2: Foul Ball, location: 2F
3-2: Foul Ball, location: 2F
3-2: Strikes out swinging
Bottom of the 8th over - 0 run(s), 1 hit(s), 0 error(s), 1 left on base; Georgia 7 - Texas Tech 3
TOP OF THE 9TH
Georgia Bulldogs batting - Pitching for Texas Tech Red Raiders : LHP Fernando Salazar
Batting: RHB Jesús Ortíz 0-0: Called Strike
0-1: Foul Ball, location: 2F
0-2: Ball
1-2: Strikes out swinging
Batting: RHB Félix Castro 0-0: Ball
1-0: Swinging Strike
1-1: SINGLE (Groundball, 6)
Pitching: RHP Alan Bailey
Batting: RHB John Dyer 0-0: Ball
1-0: Called Strike
1-1: Foul Ball, location: 2F
1-2: Foul Ball, location: 2F
1-2: Ball
2-2: Grounds into double play, 5-4-3 (Groundball, 56)
Top of the 9th over - 0 run(s), 1 hit(s), 0 error(s), 0 left on base; Georgia 7 - Texas Tech 3
BOTTOM OF THE 9TH
Texas Tech Red Raiders batting - Pitching for Georgia Bulldogs : RHP Don Kennedy
Pitching: RHP Tommy Johnson
Batting: LHB Micheal Morgan 0-0: Called Strike
0-1: Ball
1-1: Foul Ball, location: 2F
1-2: Ball
2-2: Foul Ball, location: 2F
2-2: Ball
3-2: SINGLE (Flyball, 7LS)
Batting: RHB Doug Williams 0-0: Swinging Strike
0-1: Fly out, F8 (Flyball, 8RS)
Batting: RHB Oliver Todd 0-0: Grounds into double play, 6-4-3 (Groundball, 6)
Bottom of the 9th over - 0 run(s), 1 hit(s), 0 error(s), 0 left on base; Georgia 7 - Texas Tech 3
This league is powered by Out of the Park Baseball, the baseball management simulation game for PC, Mac and Linux
Wednesday, December 2nd, 2015 - OOTP Baseball 16.8 Build 38